 Dungeon Crawl Stone Soup version 0.21-a0-615-g8e08f28 (webtiles) character file.

98 Firecrotchwizard the Grave Robber (level 4, -1/30 HPs)
             Began as a Demonspawn Necromancer on Dec 22, 2017.
             Slain by an adder (3 damage)
             ... on level 2 of the Dungeon.
             The game lasted 00:07:24 (2194 turns).

Firecrotchwizard the Grave Robber (DsNe)            Turns: 2194, Time: 00:07:24

Health: -1/30      AC:  2    Str:  8    XL:     4   Next: 43%
Magic:  0/8        EV: 12    Int: 18    God:
Gold:   108        SH:  0    Dex: 13    Spells: 6/8 levels left

rFire    . . .     SeeInvis .   k - +0 mace (curse)
rCold    . . .     Gourm    .   (no shield)
rNeg     . . .     Faith    .   a - +0 robe
rPois    .         Spirit   .   (helmet restricted)
rElec    .         Reflect  .   (no cloak)
rCorr    .         Harm     .   (no gloves)
MR       .....                  (no boots)
Stlth    ++........             (no amulet)
HPRegen  0.10/turn              (no ring)
MPRegen  0.11/turn              (no ring)

@: no status effects
A: antennae 2
a: no special abilities


You were on level 2 of the Dungeon.
You were not hungry.

You visited 1 branch of the dungeon, and saw 2 of its levels.

You collected 108 gold pieces.

Inventory:

Hand Weapons
 d - a +0 short sword of speed
   (You found it on level 1 of the Dungeon)
 k - a cursed +0 mace (weapon)
   (You found it on level 2 of the Dungeon)
Armour
 a - a +0 robe (worn)
 f - a +0 pair of boots
   (You found it on level 2 of the Dungeon)
Scrolls
 e - a scroll of identify
 l - 3 scrolls of teleportation
 m - a scroll of immolation {!r}
Potions
 g - a potion of curing {unknown}
 h - a potion of flight {unknown}
 j - a potion of cancellation {unknown}
Books
 b - a book of Necromancy
Comestibles
 c - 3 rations {@e1}
 n - 2 chunks of flesh {@w0}


   Skills:
 - Level 1.7 Dodging
 - Level 1.7 Stealth
 + Level 2.9 Spellcasting
 * Level 5.9 Necromancy


You had 6 spell levels left.
You knew the following spells:

 Your Spells              Type           Power        Failure   Level  Hunger
a - Pain                  Necr           ###.         1%          1    None
A - Animate Skeleton      Necr           N/A          1%          1    None


Dungeon Overview and Level Annotations

Branches:
Dungeon (2/15)

Altars:
Nemelex Xobeh

Annotations:
D:2 Jessica


Innate Abilities, Weirdness & Mutations

You have a pair of antennae on your head.


Message History

You take 1 damage, and have 21/24 hp.
You now have 4/7 mp.
Aim: a worm (severely wounded, chance to defeat MR: 86%)
The worm writhes in agony!
You kill the worm!
You take 1 damage, and have 20/24 hp.
You now have 3/7 mp.
You can't see any susceptible monsters within range! (Use Z to cast anyway.) Unknown command.
You start resting.
Some of the chunks of flesh in your inventory have rotted away.
Health restored: 24; MP restored: 7 You butcher the worm corpse.
n - 2 chunks of flesh {@w0} (gained 1)
A goblin comes into view. It is wielding a club.
The goblin shouts!
You closely miss the goblin. The goblin hits you but does no damage.
You hit the goblin. You closely miss the goblin. The goblin barely misses you.
You barely miss the goblin. The goblin barely misses you.
You hit the goblin.
You kill the goblin!
No target in view!
It sticks to your hand!
k - a cursed +0 mace (weapon)
As you read the scroll labeled MOGUYPH BYLIR, it crumbles to dust.
The air around you briefly surges with heat, but it dissipates.
It was a scroll of immolation.
As you read the scroll labeled NEIT DUMNAET, it crumbles to dust.
It is a scroll of identify.
l - 3 scrolls of teleportation Blink to where?
You are very lightly contaminated with residual magic.
As you read the scroll labeled SUOSKI UHIUNIU, it crumbles to dust.
It was a scroll of blinking.
An ooze comes into view.
An adder and a hound come into view.
The adder hisses angrily.
The ooze barely misses you.
Your magical contamination has completely faded away.
The hound barks!
You hit the ooze. The ooze hits you. The hound closely misses you.
You take 5 damage, and have 19/24 hp.
MASSIVE DAMAGE!!
The hound bites you.
You take 2 damage, and have 17/24 hp.
The hound bites you but does no damage.
Jessica the Apprentice Sorceress comes into view.
She is wielding a club.
You don't know that spell.
Aim: a hound (chance to defeat MR: 86%)
The hound writhes in agony!
The hound closely misses you. x2
You take 1 damage, and have 16/24 hp.
You now have 6/7 mp.
Aim: a hound (moderately wounded, chance to defeat MR: 86%)
The hound writhes in agony!
The hound closely misses you.
You take 1 damage, and have 15/24 hp.
You now have 5/7 mp.
Aim: a hound (severely wounded, chance to defeat MR: 86%)
The hound writhes in agony!
The hound barely misses you. The hound bites you.
You take 3 damage, and have 12/24 hp.
You now have 4/7 mp.
Aim: a hound (almost dead, chance to defeat MR: 86%)
The hound writhes in agony!
You kill the hound!
You have reached level 4!
You feel clever.
Jessica very coldly says, "I hate your company."
You regained 2 hp, and now have 14/30 hp.
You now have 3/8 mp.
Aim: an ooze (heavily wounded, chance to defeat MR: 83%)
The ooze writhes in agony!
The ooze hits you.
* * * LOW HITPOINT WARNING * * *
You take 5 damage, and have 9/30 hp.
You now have 2/8 mp.
Aim: an ooze (almost dead, chance to defeat MR: 83%)
The ooze barely resists.
The ooze barely misses you.
You take 1 damage, and have 8/30 hp.
You now have 1/8 mp.
Aim: an ooze (almost dead, chance to defeat MR: 83%)
The ooze writhes in agony!
You kill the ooze!
The adder closely misses you.
You take 1 damage, and have 7/30 hp.
You now have 0/8 mp.
You closely miss the adder.
Jessica very coldly says, "I hate your company."
The adder barely misses you.
You miss the adder. The adder closely misses you. The adder bites you.
* * * LOW HITPOINT WARNING * * *
You take 1 damage, and have 7/30 hp.
You closely miss the adder. The adder bites you but does no damage.
The adder barely misses you.
You barely miss the adder. The adder closely misses you. x2
You closely miss the adder. The adder completely misses you.
The adder bites you.
* * * LOW HITPOINT WARNING * * *
You take 3 damage, and have 4/30 hp.
You closely miss the adder. The adder closely misses you. x2
Aim: an adder (chance to defeat MR: 88%)
The adder barely resists.
The adder bites you.
* * * LOW HITPOINT WARNING * * *
Jessica gestures wildly while chanting.
Jessica blinks!
You take 2 damage, and have 2/30 hp.
You now have 0/8 mp.
You hit the adder but do no damage. The adder bites you.
* * * LOW HITPOINT WARNING * * *
The adder bites you.
You die...

#..#.#######
##..#.......#
....#.###.#.#
###.#.###.#.#
#.#.###.#.###
#.......#.#.##########
#.#####.#.............
#. .......#.##.######
. .........##@#
..#...#####S# .## .
#...#####.######. ...
.................. .##
.....#######.####..
..#.. ... . .##{. . {
.# {#.# . .# .


You could see an adder.

Vanquished Creatures
  A hound (D:2)
  An adder (D:2)
  2 oozes
  2 worms (D:2)
  A dart slug (D:1)
  2 leopard geckos (D:2)
  A bat (D:1)
  2 giant cockroaches
  6 goblins
  8 hobgoblins
  2 jackals (D:1)
  3 frilled lizards
  3 kobolds
  7 rats
41 creatures vanquished.

Vanquished Creatures (collateral kills)
  A kobold (D:2)
1 creature vanquished.

Grand Total: 42 creatures vanquished

Notes
Turn   | Place    | Note
-------+----------+-------------------------------------------
     0 | D:1      | Firecrotchwizard the Demonspawn Necromancer began the quest for the Orb.
     0 | D:1      | Reached XP level 1. HP: 13/13 MP: 3/3
   451 | D:1      | Gained mutation: You have a pair of small antennae on your head. [demonic ancestry]
   451 | D:1      | Reached XP level 2. HP: 19/19 MP: 3/5
   665 | D:1      | Learned a level 1 spell: Animate Skeleton
   905 | D:1      | Reached skill level 5 in Necromancy
  1346 | D:1      | Gained mutation: You have a pair of antennae on your head. [demonic ancestry]
  1346 | D:1      | Reached XP level 3. HP: 23/24 MP: 6/6
  1405 | D:2      | Found a sparkling altar of Nemelex Xobeh.
  1536 | D:2      | HP: 4/24 [kobold/short sword (6)]
  2180 | D:2      | Noticed Jessica
  2183 | D:2      | Reached XP level 4. HP: 15/30 MP: 3/8
  2188 | D:2      | HP: 7/30 [adder (1)]
  2193 | D:2      | HP: 2/30 [adder (1)]
  2194 | D:2      | Slain by an adder

Vault maps used:
D:1:      lightli_arrival_noodles, st_stairs_14
D:2:      overflow_temple_1_default, minmay_misc_feat_encased, uniq_jessica

Skill      XL: |  1  2 |
---------------+-------+-----
Necromancy     | 5 |  5.9
Dodging        | |  1.7
Stealth        | |  1.7
Spellcasting   | |  2.9

Action                   |  1- 3 |  4- 6 || total
-------------------------+-------+-------++-------
Melee: Short sword       |    86 |       ||    86
       Mace              |     1 |     7 ||     8
 Cast: Pain              |    39 |     5 ||    44
       Animate Skeleton  |     3 |       ||     3
  Use: Scroll            |     3 |       ||     3
 Stab: Sleeping          |     1 |       ||     1
  Eat: Chunk             |     4 |       ||     4
Armor: Robe              |    14 |     1 ||    15
Dodge: Dodged            |    54 |    10 ||    64

Table legend:
 A = Spawn XP
 B = Non-spawn XP
 C = Spawn XP percentage of total XP
 D = Spawn monster count
 E = Non-spawn monster count
 F = Spawn count percentage of total count
 G = Total turns spent on level
                    A         B        C        D         E        F      G
               +---------+---------+-------+---------+---------+-------+---------
         Total |       0 |     140 |   0.0 |       0 |      42 |   0.0 |  2194
               +---------+---------+-------+---------+---------+-------+---------
           D:1 |       0 |      41 |   0.0 |       0 |      21 |   0.0 |  1405
           D:2 |       0 |      99 |   0.0 |       0 |      21 |   0.0 |   789
               +---------+---------+-------+---------+---------+-------+---------

Vault maps used:
D:1:      lightli_arrival_noodles, st_stairs_14
D:2:      overflow_temple_1_default, minmay_misc_feat_encased, uniq_jessica

Table legend:
 A = Turns spent in this place as a percentage of turns spent in the entire game.
 B = Non-inter-level travel turns spent in this place as a percentage of non-inter-level travel turns spent in the entire game.
 C = Inter-level travel turns spent in this place as a percentage of turns spent in this place.
 D = Turns resting spent in this place as a percentage of non-inter-level travel turns spent in this place.
 E = Turns spent auto-exploring this place as a percentage of non-inter-level travel turns spent in this place.
 F = Non-inter-level travel turns spent in this place divided by the number of levels of this place that you've seen.
                   A       B       C       D       E      F
               +-------+-------+-------+-------+-------+----------------------
         Total | 100.0 | 100.0 |   2.6 |  46.6 |  37.3 | 1069.0
       Dungeon | 100.0 | 100.0 |   2.6 |  46.6 |  37.3 | 1069.0
               +-------+-------+-------+-------+-------+----------------------

Table legend:
 A = Kills in this place as a percentage of kills in entire the game.
 B = Kills by you in this place as a percentage of kills by you in the entire game.
 C = Kills by friends in this place as a percentage of kills by friends in the entire game.
 D = Other kills in this place as a percentage of other kills in the entire game.
 E = Experience gained in this place as a percentage of experience gained in the entire game.
 F = Experience gained in this place divided by the number of levels of this place that you have seen.
                   A       B       C       D       E      F
               +-------+-------+-------+-------+-------+----------------------
         Total | 100.0 | 100.0 | 100.0 |   N/A | 100.0 |  70.0
       Dungeon | 100.0 | 100.0 | 100.0 |   N/A | 100.0 |  70.0
               +-------+-------+-------+-------+-------+----------------------
